AoeStats
← Mycorrhizal

Black Forest

509177207Analyzed
4v4 RM · 6d ago on Sep 25, 2026· 48m 7s· 8 players
Game mode
Random Map
Map size
Large (8 player)
Population
200
Speed
Normal
Resources
Standard
Victory
Conquest
Starting age
Dark Age
Ending age
Imperial Age
RankedLock teamsTeams togetherTeam positionsShared explorationLock speedFull tech treeHidden civsTurbo modeCheats
Victory
Defeat
🇦🇷 Britons · Argentina
1448
+16
🇺🇸 Varangians · United States
1440
+17
🇨🇦 Slavs · Canada
1421
+17
🇫🇷 Celts · France
1406
+18
🇹🇼 Mongols · Taiwan
1510
-19
🇷🇺 Varangians · Russia
1452
-17
🇮🇹 Celts · Italy
1424
-16
🇮🇳 Spanish · India
1416
-16
GdR_Salinaro
0:33 Loom
11:59 Feudal Age
13:33 Man-at-Arms
13:59 Arson
15:41 Town Watch
Riveryyy
9:46 Feudal Age
13:33 Castle Age
12:04 Double-Bit Axe
12:00 Horse Collar
20:08 Wheelbarrow
arsenalchelsea2
0:57 Loom
10:51 Feudal Age
15:42 Castle Age
13:52 Double-Bit Axe
22:04 Bow Saw
22:55 Horse Collar
30:56 Imperial Age
31:41 Wheelbarrow
30:54 Town Watch
32:41 Chemistry
32:05 Pikeman
33:05 Scale Mail Armor
33:10 Halberdier
35:05 Chain Mail Armor
37:16 Hand Cart
Guthrie_Govan
10:51 Feudal Age
12:23 Loom
14:47 Castle Age
13:56 Forging
13:49 Double-Bit Axe
13:50 Loom
15:46 Bow Saw
23:46 Horse Collar
25:16 Bloodlines
27:36 Scale Barding Armor
28:29 Light Cavalry
29:37 Heavy Plow
30:35 Husbandry
30:44 Town Watch
31:31 Devotion
32:37 Wheelbarrow
37:30 Imperial Age
36:06 Stone Mining
36:07 Gold Mining
36:09 Fletching
37:11 Bodkin Arrow
37:52 Ballistics
38:20 Bracer
39:21 Chemistry
39:25 Padded Archer Armor
39:46 Thumb Ring
40:28 Leather Archer Armor
40:16 Elite Mangudai
44:54 Parthian Tactics
Evil Walks
11:00 Feudal Age
9:19 Loom
14:51 Castle Age
13:03 Gold Mining
24:47 Devotion
25:26 Town Watch
26:59 Wheelbarrow
30:43 Double-Bit Axe
31:56 Fervor
32:11 Sanctity
32:37 Gold Shaft Mining
35:16 Bow Saw
37:07 Horse Collar
38:10 Heavy Plow
40:25 Hand Cart
43:02 Stone Mining
47:09 Imperial Age
44:40 Town Patrol
45:19 Stone Shaft Mining
48:02 Furor Celtica
48:12 Conscription
47:15 Capped Ram
48:03 Siege Ram
Polestar
7:00 Loom
11:39 Feudal Age
15:41 Castle Age
13:41 Double-Bit Axe
15:09 Horse Collar
25:08 Wheelbarrow
24:45 Bow Saw
24:41 Heavy Plow
27:39 Hand Cart
27:15 Gold Mining
27:16 Stone Mining
30:14 Imperial Age
29:09 Forging
29:04 Scale Barding Armor
29:31 Bloodlines
29:23 Husbandry
30:28 Cavalier
31:50 Iron Casting
31:36 Chain Barding Armor
32:13 Vendel Legacy
36:15 Two-Man Saw
35:44 Conscription
43:55 Stone Shaft Mining
43:09 Town Watch
49:07 Blast Furnace
48:42 Plate Barding Armor
Mycorrhizal
1:27 Loom
10:34 Feudal Age
14:35 Castle Age
14:44 Double-Bit Axe
20:38 Bow Saw
22:08 Horse Collar
25:26 Heavy Plow
26:11 Wheelbarrow
25:50 Fletching
27:57 Gold Mining
28:21 Stone Mining
29:54 Hand Cart
30:51 Gold Shaft Mining
30:45 Town Watch
33:50 Imperial Age
31:51 Bodkin Arrow
32:48 Scale Mail Armor
33:23 Ballistics
33:46 Masonry
33:56 Onager
34:03 Pikeman
35:16 Conscription
35:17 Chain Mail Armor
35:15 Halberdier
36:07 Forging
36:30 Plate Mail Armor
38:20 Two-Man Saw
37:37 Forging
36:55 Capped Ram
39:03 Iron Casting
39:15 Squires
39:39 Conscription
40:27 Druzhina
42:30 Blast Furnace
42:25 Crop Rotation
41:58 Siege Ram
44:46 Siege Engineers
45:25 Siege Onager
PocaChota
7:18 Loom
9:40 Feudal Age
9:59 Man-at-Arms
10:25 Double-Bit Axe
15:58 Fletching
29:09 Castle Age
29:16 Gold Mining
29:15 Arson
29:42 Forging
29:53 Squires
29:19 Pikeman
31:15 Bow Saw
30:47 Horse Collar
37:11 Heavy Plow
40:05 Stone Mining
40:51 Gold Shaft Mining
41:19 Treadmill Crane
42:44 Wheelbarrow
44:51 Imperial Age
42:50 Yeomen
42:33 Bodkin Arrow
43:59 Hand Cart
43:56 Padded Archer Armor
44:35 Ballistics
44:26 Masonry
44:27 Clinker Construction
45:07 Leather Archer Armor
45:08 Elite Longbowman
45:50 Bracer
46:57 Chemistry
47:05 Two-Man Saw
46:35 Conscription
47:49 Iron Casting
47:59 Ring Archer Armor
Connection lost

Rejoining the realm…

Still unreachable

The connection could not be restored.

Session expired

The server has moved on; the page needs a fresh start.